 Dungeon Crawl Stone Soup version 0.24-a0-57-gac335f2 (webtiles) character file.

Game seed: 4556300290858266813

2551 Amnesiac the Destroyer (level 9, -6/45 HPs)
             Began as a Tengu Conjurer on Feb 4, 2019.
             Shot with an arrow by a centaur (12 damage)
             ... on level 8 of the Dungeon.
             The game lasted 00:14:17 (6751 turns).

Amnesiac the Destroyer (Tengu Conjurer)             Turns: 6751, Time: 00:14:18

Health: -6/45      AC:  4    Str:  9    XL:     9   Next: 56%
Magic:  16/20      EV: 15    Int: 19    God:
Gold:   252        SH:  0    Dex: 14    Spells: 8/22 levels left

rFire    . . .     SeeInvis .   a - +2 dagger (venom)
rCold    . . .     Gourm    .   (no shield)
rNeg     . . .     Faith    .   d - +0 robe
rPois    .         Spirit   .   (helmet restricted)
rElec    .         Reflect  .   u - +0 cloak
rCorr    .         Harm     .   q - +0 pair of gloves
MR       .....                  (boots unavailable)
Stlth    ++........             (no amulet)
HPRegen  0.15/turn              (no ring)
MPRegen  0.17/turn              (no ring)

@: flying quickly and evasively, quick
A: beak, talons 3, able to fly
a: Stop Flying


You were on level 8 of the Dungeon.
You were hungry.

You visited 1 branch of the dungeon, and saw 9 of its levels.
You also visited: Sewer.

You collected 252 gold pieces.

Inventory:

Hand Weapons
 a - a +2 dagger of venom (weapon)
Armour
 d - a +0 robe (worn)
 q - a +0 pair of gloves (worn)
 u - a +0 cloak (worn)
 w - a scarf of cloud immunity
Scrolls
 b - 3 scrolls of enchant armour {!r, unknown}
 e - 8 scrolls of remove curse {!r}
 f - a scroll of random uselessness {!r, unknown}
 h - a scroll of identify {!r}
 l - a scroll of magic mapping {!r, unknown}
 o - 2 scrolls of fog {!r, unknown}
 v - 2 scrolls of teleportation {!r}
Potions
 c - 2 potions of curing {!q}
 j - a potion of heal wounds {!q, unknown}
 m - a potion of brilliance {!q, unknown}
 n - 2 potions of flight {!q, unknown}
 p - 2 potions of invisibility {!q, unknown}
 r - a potion of cancellation {!q, unknown}
 s - a potion of mutation {!q, unknown}
 t - a potion of berserk rage {!q, unknown}
Comestibles
 k - 5 rations


   Skills:
 - Level 2.1 Dodging
 - Level 2.0 Stealth
 + Level 7.1 Spellcasting
 * Level 13.7 Conjurations


You had 8 spell levels left.
You knew the following spells:

 Your Spells              Type           Power        Failure   Level  Hunger
a - Iskenderun's Mystic   Conj           ######..     1%          4    ###....
d - Searing Ray           Conj           ######       1%          2    None
e - Mephitic Cloud        Conj/Pois/Air  ###.....     4%          3    #......
s - Conjure Flame         Conj/Fire      ####....     1%          3    #......
v - Blink                 Tloc           N/A          16%         2    None

Your spell library contained the following spells:

 Spells                   Type           Power        Failure   Level  Hunger
 Magic Dart               Conj           ####         1%          1    None
 Throw Frost              Conj/Ice       ####..       1%          2    None
 Dazzling Spray           Conj/Hex       ####..       1%          3    #......
 Force Lance              Conj/Tloc      ####....     6%          4    ###....
 Fulminant Prism          Conj/Hex       ####......   6%          4    ###....
 Throw Icicle             Conj/Ice       ####....     6%          4    ###....
 Freeze                   Ice            #...         10%         1    None
 Call Imp                 Summ           #.......     16%         2    None
 Slow                     Hex            #.......     16%         2    None
 Ozocubu's Armour         Chrm/Ice       #.......     30%         3    #......
 Summon Ice Beast         Ice/Summ       #.......     69%         4    ###....


Dungeon Overview and Level Annotations

Branches:
Dungeon (9/15)               Lair (0/6) D:9
 Temple: D:4-7          Orc: D:9-12

Altars:
Ashenzari
Gozag
Makhleb
Okawaru
Qazlal
Ru
Trog
Uskayaw
Wu Jian
Yredelemnul

Shops:
D:5 *   D:6 %%

Annotations:
D:3 Purgy
D:8 Erica
D:9 exclusion: deep elf mage


Innate Abilities, Weirdness & Mutations

You have a beak for a mouth.
You have claws for feet.
You can fly continuously.


Message History

Casting: Iskenderun's Mystic Blast (safe; 1% risk of failure)
Confirm with . or Enter, or press ? or * to list all spells.
You don't have enough magic to cast that spell.
Casting: Iskenderun's Mystic Blast (safe; 1% risk of failure)
Confirm with . or Enter, or press ? or * to list all spells.
You don't have enough magic to cast that spell.
Casting: Iskenderun's Mystic Blast (safe; 1% risk of failure)
Confirm with . or Enter, or press ? or * to list all spells.
You don't have enough magic to cast that spell.
Casting: Iskenderun's Mystic Blast (safe; 1% risk of failure)
Confirm with . or Enter, or press ? or * to list all spells.
Aiming: Iskenderun's Mystic Blast (safe; 1% risk of failure)
Press: ? - help, Shift-Dir - straight line, f/p - two-headed ogre
Aim: a two-headed ogre, wielding a +0 giant spiked club and a +0 giant club (severely wounded)
The orb of energy hits the two-headed ogre!
You kill the two-headed ogre!
Your Spellcasting skill increases to level 7!
Your Conjurations skill increases to level 13!
Casting: Iskenderun's Mystic Blast (safe; 1% risk of failure)
Confirm with . or Enter, or press ? or * to list all spells.
You don't have enough magic to cast that spell.
Unknown command.
Things that are here:
a +0 giant spiked club; a +0 giant club Eating one of 3 chunks of flesh.
You eat one of the 3 chunks of flesh.
This raw flesh tastes terrible.
Found an opulent altar of Gozag.
There is an open door here.
You start resting.
Magic restored.
There is an open door here.
All of the chunks of flesh in your inventory have rotted away.
Things that are here:
a +0 giant spiked club; a +0 giant club Key pressed, stopping explore.
Found a stone staircase leading up.
There is a stone staircase leading up here.
Found a stone staircase leading down.
v - 2 scrolls of teleportation {!r} (gained 1) Erica the Fiery-Tempered comes into view.
She is wielding a +2 scimitar of flaming and wearing a +1 robe of magic resistance.
Erica moves out of view.
A centaur comes into view.
The centaur shouts!
The centaur wields a +0 shortbow.
The centaur shoots an arrow.
The arrow hits you!
You see here an arrow.
The centaur shoots an arrow.
The arrow hits you!
The centaur shoots an arrow.
The arrow hits you!
* * * LOW HITPOINT WARNING * * *
You see here 2 arrows.
The centaur shoots an arrow.
The arrow hits you!
* * * LOW HITPOINT WARNING * * *
You see here an arrow.
Casting: Iskenderun's Mystic Blast (safe; 1% risk of failure)
Confirm with . or Enter, or press ? or * to list all spells.
Aiming: Iskenderun's Mystic Blast (safe; 1% risk of failure)
Press: ? - help, Shift-Dir - straight line, f - centaur
Aim: a centaur, wielding a +0 shortbow The orb of energy hits the centaur!!
The centaur is severely wounded.
The orb of energy explodes!
You are feeling hungry.
The centaur shoots an arrow.
The arrow hits you!
You die...

..... #.... #...# #...#
#...# #...# ########...#
##....((....# #
#...>@###...#.#
#c.....###.....#
.....#..##...#.##
....#...##.#...#
#####...##.#..##
#....#.....#
#############.#..#.#...#
...................#..##
#############.##..##..#


You could see a centaur.

Vanquished Creatures
  A two-headed ogre (D:8)
  A warg (D:9)
  A phantom (D:5)
  An ice beast (D:9)
  A necrophage (D:9)
  2 ogres
  2 centaurs (D:5)
  3 bullfrogs
  3 scorpions
  2 wights (D:5)
  2 howler monkeys (D:9)
  3 crimson imps
  A quasit (D:5)
  An orc priest (D:4)
  4 hounds
  A bullfrog skeleton (D:9)
  A gnoll shaman (D:5)
  A jelly (D:8)
  3 orc wizards
  4 worker ants
  A hound skeleton (D:5)
  2 gnolls (D:5)
  A howler monkey skeleton (D:4)
  4 adders
  A shadow imp (D:9)
  An ooze (D:2)
  An adder zombie (D:5)
  An adder skeleton (D:5)
  4 worms
  12 orcs
  5 ball pythons
  5 giant cockroaches
  3 hobgoblins (D:2)
  2 jackals (D:3)
  3 quokkas
  6 bats
  2 frilled lizards
  3 jackal skeletons
  A kobold (D:2)
  A leopard gecko skeleton (D:4)
  6 rats
103 creatures vanquished.

Notes
Turn   | Place    | Note
-------+----------+-------------------------------------------
     0 | D:1      | Amnesiac the Tengu Conjurer began the quest for the Orb.
     0 | D:1      | Reached XP level 1. HP: 10/10 MP: 4/4
   201 | D:3      | Reached XP level 2. HP: 15/15 MP: 0/6
   228 | D:3      | Reached skill level 6 in Conjurations
   232 | D:3      | Learned a level 2 spell: Searing Ray
   268 | D:3      | Found a glowing drain.
   314 | Sewer    | Entered a sewer
   419 | Sewer    | Noticed Purgy
  1558 | D:2      | Reached XP level 3. HP: 18/19 MP: 2/8
  2236 | D:5      | Entered Level 5 of the Dungeon
  2244 | D:5      | Reached XP level 4. HP: 22/24 MP: 2/9
  2245 | D:5      | Noticed a centaur
  2398 | D:4      | Found a shattered altar of Ashenzari.
  2485 | D:5      | Noticed a phantom
  2620 | D:4      | Reached skill level 7 in Conjurations
  2620 | D:4      | Gained mutation: You can fly continuously. [Tengu growth]
  2620 | D:4      | Reached XP level 5. HP: 25/28 MP: 7/11
  2931 | D:5      | Found a hide-covered altar of Uskayaw.
  2931 | D:5      | Found a bloodstained altar of Trog.
  3322 | D:4      | Learned a level 3 spell: Conjure Flame
  3327 | D:4      | Learned a level 4 spell: Iskenderun's Mystic Blast
  3330 | D:4      | Learned a level 2 spell: Blink
  3579 | D:5      | Reached skill level 8 in Conjurations
  3579 | D:5      | Reached XP level 6. HP: 32/32 MP: 4/12
  3676 | D:5      | Reached skill level 9 in Conjurations
  3676 | D:5      | Reached XP level 7. HP: 10/36 MP: 2/14
  3996 | D:5      | Learned a level 3 spell: Mephitic Cloud
  4030 | D:5      | Found Ifra's Lightly-Used Armoury.
  4203 | D:5      | Found a basalt altar of Yredelemnul.
  4203 | D:5      | Found a sacrificial altar of Ru.
  4355 | D:5      | Reached skill level 5 in Spellcasting
  4355 | D:5      | Reached skill level 10 in Conjurations
  4377 | D:6      | Found Lutuironoji's Food Shoppe.
  4404 | D:6      | Found Tighylu's Food Emporium.
  4505 | D:6      | You are sucked into a shaft for 3 floors!
  4530 | D:9      | Reached XP level 8. HP: 41/41 MP: 3/16
  4878 | D:8      | Reached skill level 11 in Conjurations
  4890 | D:8      | Found a burning altar of Makhleb.
  4997 | D:9      | Noticed a deep elf mage
  5117 | D:9      | HP: 2/41 [ice beast (9)]
  5394 | D:9      | Found a staircase to the Lair.
  5673 | D:9      | Reached skill level 12 in Conjurations
  5952 | D:9      | Reached XP level 9. HP: 45/45 MP: 10/19
  6229 | D:7      | Found an ornate altar of the Wu Jian Council.
  6367 | D:8      | Found a stormy altar of Qazlal.
  6387 | D:8      | Found an iron altar of Okawaru.
  6403 | D:8      | Found a shattered altar of Ashenzari.
  6507 | D:8      | Noticed a two-headed ogre
  6515 | D:8      | Killed a two-headed ogre
  6515 | D:8      | Reached skill level 13 in Conjurations
  6524 | D:8      | Found an opulent altar of Gozag.
  6747 | D:8      | Noticed Erica
  6751 | D:8      | Shot with an arrow by a centaur

Vault maps used:
D:1:      matt_arrival_spirals, chequers_serial_rivers_micro_d,
          patterned_corridor
D:3:      portal_sewer_entry_e, chequers_serial_rivers_small_3, uniq_ijyb
D:4:      lemuel_statue_altar
D:5:      amethyst_overflow_temple_binary, gammafunk_temple_overflow_elements,
          first_ration, minmay_shop_damaged, minmay_chambers_of_fives
D:6:      serial_shops, shop_statue, shop, nicolae_shop_statue_plus,
          nicolae_shop_competitors_out_of_business, shop, hangedman_decor_lopped
D:7:      minmay_spotlight, nicolae_overflow_hidden_temple,
          minmay_temple_entry_arrows, ebering_ghost_inner_flame, uniq_menkaure
D:8:      minmay_the_grid_octo_tiled_squarecenter,
          nicolae_overflow_quartered_altars, kennysheep_flooded_box, uniq_erica
D:9:      erik_lair_orcish_takeover, serial_shops, shop, grunt_ogre_cave
Sewer:    sewer_big_baddie

Skill      XL: |  1  2  3  4  5  6  7  8  9 |
---------------+----------------------------+-----
Conjurations   | 6 7 8 9 10 12 13 | 13.7
Spellcasting   | 3 4 5 6 7 |  7.1
Dodging        | |  2.1
Stealth        | |  2.0

Action                   |  1- 3 |  4- 6 |  7- 9 || total
-------------------------+-------+-------+-------++-------
Melee: Dagger            |    26 |    24 |    20 ||    70
       Kick              |     4 |     3 |     7 ||    14
       Peck              |     1 |     6 |     1 ||     8
 Cast: Magic Dart        |    25 |       |       ||    25
       Searing Ray       |    18 |    13 |     6 ||    37
       Conjure Flame     |       |     1 |     1 ||     2
       Iskenderun's Myst |       |       |    62 ||    62
 Abil: Fly               |       |     1 |       ||     1
  Use: Scroll            |     5 |       |     1 ||     6
       Potion            |     2 |       |       ||     2
 Stab: Sleeping          |       |       |     2 ||     2
  Eat: Ration            |     1 |       |     1 ||     2
       Chunk             |     2 |     5 |    14 ||    21
Armor: Robe              |    14 |     4 |     6 ||    24
Dodge: Dodged            |    46 |    30 |    42 ||   118

Table legend:
 A = Non-vault XP
 B = Vault XP
 C = Vault XP percentage of total XP
 D = Non-vault monster count
 E = Vault monster count
 F = Vault count percentage of total count
                 A         B        C        D         E       F
            +---------+---------+-------+---------+---------+-------
      Total |    3097 |     548 |  15.0 |      81 |      22 |  21.4
            +---------+---------+-------+---------+---------+-------
        D:1 |       1 |       0 |   0.0 |       1 |       0 |   0.0
        D:2 |      32 |       0 |   0.0 |      14 |       0 |   0.0
        D:3 |      25 |      12 |  32.4 |       5 |       8 |  61.5
        D:4 |     195 |       0 |   0.0 |      14 |       0 |   0.0
        D:5 |     697 |     133 |  16.0 |      21 |       1 |   4.5
        D:6 |      42 |       0 |   0.0 |       1 |       0 |   0.0
        D:8 |    1153 |     188 |  14.0 |       9 |       4 |  30.8
        D:9 |     952 |     210 |  18.1 |      16 |       4 |  20.0
      Sewer |       0 |       5 | 100.0 |       0 |       5 | 100.0
            +---------+---------+-------+---------+---------+-------
